 Dungeon Crawl Stone Soup version 0.19.4-9-g45fd643 (console) character file.

5124 Grinner the Nimble (level 10, -7/115 HPs)
             Began as a Minotaur Monk on Feb 21, 2017.
             Was an Elder of Kikubaaqudgha.
             Mangled by a yak (8 damage)
             ... on level 9 of the Dungeon.
             The game lasted 00:24:33 (8569 turns).

Grinner the Nimble (Minotaur Monk)                  Turns: 8569, Time: 00:24:33

Health: -7/115     AC: 25    Str: 16    XL:     10   Next: 32%
Magic:  12/12      EV:  2    Int:  7    God:    Kikubaaqudgha [****..]
Gold:   469        SH:  0    Dex: 16    Spells: 3 memorised, 6 levels left

rFire  . . .     SeeInvis .     a - +2 quarterstaff (drain)
rCold  + . .     Gourm    .     (armour currently unavailable)
rNeg   + + +     Faith    .     (shield currently unavailable)
rPois  +         Spirit   .     (helmet currently unavailable)
rElec  .         Reflect  .     (cloak currently unavailable)
rCorr  .         Harm     .     (gloves currently unavailable)
MR     .....     NoTele   +     (boots currently unavailable)
Stlth  +++.......               (no amulet)
                                m - ring of stealth
                                f - ring of protection from cold

@: tree-form
A: (retaliatory headbutt), (horns 0), mutation resistance 1
a: Receive Corpses, Renounce Religion


You were on level 9 of the Dungeon.
You worshipped Kikubaaqudgha.
Kikubaaqudgha was greatly pleased with you.
You were not hungry.
You were a tree.
You visited 1 branch of the dungeon, and saw 9 of its levels.

You collected 469 gold pieces.

Inventory:

Hand Weapons
 a - a +2 quarterstaff of draining (weapon)
 n - the +7 sceptre of Torment
   (You found it on level 5 of the Dungeon)
 B - the +4 falchion "Wymead" {slice, rPois Dex+3}
   (You found it on level 8 of the Dungeon)

   It inflicts extra damage upon your enemies.
   It affects your dexterity (+3).
   It protects you from poison.
Armour
 g - a +1 pair of gloves (melded)
 t - a +1 robe of magic resistance (melded)
 u - a +0 pair of boots (melded)
Magical Staves
 C - an uncursed staff of earth
Jewellery
 f - a ring of protection from cold (left branch)
 m - a ring of stealth (right branch)
Wands
 h - a wand of slowing (23/48)
 v - a wand of iceblast (7/15)
Scrolls
 e - 2 scrolls of fog
 i - a scroll of teleportation
 j - 3 scrolls of recharging
 k - 5 scrolls of magic mapping
 l - 3 scrolls of identify
 o - 3 scrolls of immolation
 p - 2 scrolls of fear
 w - 2 scrolls of enchant armour
 x - 2 scrolls of remove curse
 z - a scroll of enchant weapon {unknown}
Books
 b - Kikubaaqudgha's Handbook of Dark Rites
   (Kikubaaqudgha gifted it to you on level 7 of the Dungeon)

   Spells                             Type                      Level
   a - Animate Dead                   Necromancy                   4
   b - Excruciating Wounds            Charms/Necromancy            5
   c - Bolt of Draining               Conjuration/Necromancy       5
   d - Dispel Undead                  Necromancy                   5
   e - Simulacrum                     Ice/Necromancy               6
 q - Kikubaaqudgha's Reference Book on Evil Arts
   (Kikubaaqudgha gifted it to you on level 2 of the Dungeon)

   Spells                             Type                      Level
   a - Animate Skeleton               Necromancy                   1
   b - Corpse Rot                     Necromancy                   2
   c - Sublimation of Blood           Necromancy                   2
   d - Vampiric Draining              Necromancy                   3
   e - Control Undead                 Necromancy                   4
 y - a book of Frost

   Spells                             Type                      Level
   a - Freeze                         Ice                          1
   b - Throw Frost                    Conjuration/Ice              2
   c - Ozocubu's Armour               Charms/Ice                   3
   d - Throw Icicle                   Conjuration/Ice              4
   e - Summon Ice Beast               Ice/Summoning                4
Comestibles
 c - 4 bread rations
 d - 5 meat rations
 r - a slice of pizza
 s - 2 beef jerkies
 D - 6 chunks of flesh


   Skills:
 - Level 3.6 Fighting
 + Level 7.7 Long Blades
 + Level 6.0 Staves
 + Level 10.2 Dodging
 - Level 1.5 Stealth
   Level 0.8 Shields
 + Level 2.1 Spellcasting
 + Level 2.2 Charms
 * Level 5.8 Necromancy
 + Level 2.3 Ice Magic


You had 6 spell levels left.
You knew the following spells:

 Your Spells              Type           Power        Failure   Level  Hunger
a - Ozocubu's Armour      Chrm/Ice       #.......     52%         3    ####...
b - Animate Skeleton      Necr           N/A          4%          1    ##.....
d - Vampiric Draining     Necr           #.........   12%         3    ####...


Dungeon Overview and Level Annotations

Branches:
Dungeon (9/15)             Temple (0/1) D:6            Lair (0/6) D:9
    Orc: D:9-12

Altars:
Dithmenos
Fedhas
Gozag
Kikubaaqudgha
Ru
Sif Muna
Trog
Vehumet
Xom

Shops:
D:4 (


Innate Abilities, Weirdness & Mutations

((You reflexively headbutt those who attack you in melee.))
((You have a pair of horns on your head.))
You are somewhat resistant to further mutation.


Message History

You are too injured to fight recklessly!
You cannot move.
You cannot move.
You sock the yak!
The yak is moderately wounded.
The yak gores you but does no damage. x2
You sock the yak!
The yak is heavily wounded.
The yak gores you!
* * * LOW HITPOINT WARNING * * *
The yak gores you but does no damage.
You sock the yak! You drain the yak!
The yak is almost dead.
The yak gores you but does no damage. The yak gores you!
* * * LOW HITPOINT WARNING * * *
You hit the yak but do no damage. You drain the yak!
The yak is almost dead.
The yak gores you!
You die...
Kikubaaqudgha rasps: "You have failed me!
Welcome... death!"

### #.........### .#..
.# #....)...... .#.##
#.# #........?# ...
#.###.........# #.#
##..####......#
.#)#####.....####....#
.#..##)........##.÷..#
....#.).....PP..#Y.†.+
.###...P........♣Y...#
.....)....>.......####
..##...P..........#
....#...P.......#.#
..#.##.........####
..#.####.....### ..#..
#.#....<. ..####
#..'...... ....#
#.##......#


You could see 2 yaks.

Vanquished Creatures
  Pikel (D:7)
  An elephant (D:9)
  2 hippogriffs
  Sigmund (D:2)
  A wyvern (D:9)
  5 yaks
  Duvessa (D:4)
  2 orc warriors
  An ice beast (D:6)
  3 phantoms
  A necrophage (D:6)
  A sky beast (D:8)
  4 centaurs
  An eye of draining (D:8)
  2 crocodiles
  2 big kobolds
  A wyvern zombie (D:7)
  2 bullfrogs
  Dowan (D:4)
  A scorpion (D:7)
  A howler monkey (D:9)
  3 crimson imps
  A bullfrog zombie (D:8)
  A centaur zombie (D:8)
  A quasit (D:8)
  A centaur skeleton (D:7)
  2 jellies
  5 orc priests
  A hound (D:4)
  3 bullfrog skeletons
  An iguana (D:4)
  10 orc wizards
  3 worker ants
  A killer bee zombie (D:8)
  A hound zombie (D:8)
  A worker ant zombie (D:9)
  8 adders
  3 shadow imps
  2 oozes
  2 adder skeletons
  5 worms
  5 leopard geckos
  34 orcs
  5 giant cockroaches
  5 goblins
  6 hobgoblins
  6 jackals
  4 quokkas
  2 bats (D:1)
  5 frilled lizards
  16 kobolds
  A leopard gecko skeleton (D:4)
  2 leopard gecko zombies (D:8)
  A quokka zombie (D:5)
  6 rats
188 creatures vanquished.

Vanquished Creatures (others)
  An orc (D:7)
1 creature vanquished.

Grand Total: 189 creatures vanquished

Notes
Turn   | Place    | Note
-------+----------+-------------------------------------------
     0 | D:1      | Grinner the Minotaur Monk began the quest for the Orb.
     0 | D:1      | Reached XP level 1. HP: 19/19 MP: 0/0
   228 | D:1      | Reached XP level 2. HP: 18/26 MP: 1/1
   231 | D:1      | Reached skill level 4 in Dodging
  1135 | D:2      | Found a blossoming altar of Fedhas.
  1142 | D:2      | Reached XP level 3. HP: 31/31 MP: 2/2
  1289 | D:2      | Noticed Sigmund
  1316 | D:2      | Killed Sigmund
  1316 | D:2      | Reached skill level 5 in Long Blades
  1316 | D:2      | Reached skill level 6 in Dodging
  1316 | D:2      | Reached XP level 4. HP: 28/39 MP: 3/3
  1316 | D:2      | Reached XP level 5. HP: 32/45 MP: 4/4
  1478 | D:2      | Found an ancient bone altar of Kikubaaqudgha.
  1763 | D:3      | Noticed a phantom
  2104 | D:3      | Killed a phantom
  2104 | D:3      | Reached XP level 6. HP: 25/51 MP: 5/5
  2655 | D:3      | Found a bloodstained altar of Trog.
  2754 | D:4      | Found Ciucruu's Antique Weapon Shop.
  2833 | D:4      | Reached skill level 7 in Dodging
  3398 | D:4      | Noticed Dowan
  3400 | D:4      | Noticed Duvessa
  3407 | D:4      | Killed Duvessa
  3407 | D:4      | Reached XP level 7. HP: 54/57 MP: 6/6
  3409 | D:4      | Killed Dowan
  3409 | D:4      | Reached skill level 8 in Dodging
  3654 | D:4      | Found a deep blue altar of Sif Muna.
  3796 | D:5      | Entered Level 5 of the Dungeon
  4145 | D:2      | Became a worshipper of Kikubaaqudgha
  4145 | D:2      | Reached * piety under Kikubaaqudgha
  4145 | D:2      | Identified Kikubaaqudgha's Reference Book on Evil Arts (Kikubaaqudgha gifted it to you on level 2 of the Dungeon)
  4145 | D:2      | Received a gift from Kikubaaqudgha
  4145 | D:2      | Reached ** piety under Kikubaaqudgha
  4151 | D:2      | Learned a level 3 spell: Vampiric Draining
  4153 | D:2      | Learned a level 1 spell: Animate Skeleton
  4404 | D:5      | HP: 2/57 [orc/hand axe (3)]
  4676 | D:5      | Reached skill level 1 in Staves
  4898 | D:6      | Reached skill level 1 in Necromancy
  4932 | D:6      | Reached XP level 8. HP: 64/64 MP: 7/7
  5037 | D:6      | Found an opulent altar of Gozag.
  5079 | D:6      | Found a staircase to the Ecumenical Temple.
  5245 | D:6      | Reached skill level 9 in Dodging
  5366 | D:7      | Found a shimmering altar of Xom.
  5372 | D:7      | Found a shimmering altar of Xom.
  5443 | D:7      | Found a radiant altar of Vehumet.
  5480 | D:7      | Reached *** piety under Kikubaaqudgha
  5480 | D:7      | Identified Kikubaaqudgha's Handbook of Dark Rites (Kikubaaqudgha gifted it to you on level 7 of the Dungeon)
  5480 | D:7      | Received a gift from Kikubaaqudgha
  5507 | D:8      | Gained mutation: You are somewhat resistant to further mutation. [potion of mutation]
  5511 | D:8      | HP: 2/64 [orc warrior/flail (11)]
  6246 | D:7      | Learned a level 3 spell: Ozocubu's Armour
  6297 | D:7      | Noticed Pikel
  6307 | D:7      | Killed Pikel
  6307 | D:7      | Reached XP level 9. HP: 48/70 MP: 7/9
  6341 | D:7      | Reached skill level 1 in Spellcasting
  6400 | D:7      | Found a sacrificial altar of Ru.
  6433 | D:7      | Found a shadowy altar of Dithmenos.
  6656 | D:7      | Reached skill level 1 in Charms
  6656 | D:7      | Reached skill level 1 in Ice Magic
  6937 | D:8      | Reached skill level 5 in Staves
  7093 | D:8      | Reached skill level 5 in Necromancy
  7145 | D:8      | Reached **** piety under Kikubaaqudgha
  7197 | D:8      | Got a crystal falchion
  7198 | D:8      | Identified the +4 falchion "Wymead" {slice, rPois Dex+3} (You found it on level 8 of the Dungeon)
  7418 | D:8      | Got a twisted chain mail
  7429 | D:8      | Identified the cursed +0 chain mail "Yhubeurph" {-Tele rN+ rCorr Str+4} (You found it on level 8 of the Dungeon)
  7481 | D:8      | Reached skill level 10 in Dodging
  7782 | D:8      | HP: 1/70 [something (5)]
  8074 | D:8      | Reached XP level 10. HP: 35/77 MP: 11/11
  8460 | D:9      | Noticed an elephant
  8471 | D:9      | Killed an elephant
  8477 | D:9      | Found a staircase to the Lair.
  8568 | D:9      | HP: 1/115 [yak (8)]
  8569 | D:9      | Mangled by a yak

Skill      XL: |  1  2  3  4  5  6  7  8  9 10 |
---------------+-------------------------------+-----
Dodging        | 4 6 7 8 9 10 | 10.2
Long Blades    | 4 5 6 7 |  7.7
Staves         | 1 4 5 6 |  6.0
Necromancy     | 1 4 5 |  5.8
Spellcasting   | 1 2 |  2.1
Charms         | 1 2 |  2.2
Ice Magic      | 1 2 |  2.3
Fighting       | |  3.6
Stealth        | |  1.5
Shields        | |  0.8

Action                   |  1- 3 |  4- 6 |  7- 9 | 10-12 || total
-------------------------+-------+-------+-------+-------++-------
Melee: Falchion          |    77 |   121 |    87 |       ||   285
       Headbutt          |    10 |    24 |    84 |    20 ||   138
       Quarterstaff      |       |       |   215 |    75 ||   290
       Staff             |       |       |    10 |       ||    10
Evoke: Wand              |       |       |       |     1 ||     1
  Use: Potion            |     2 |     1 |     8 |     1 ||    12
       Scroll            |       |     9 |     2 |       ||    11
 Stab: Sleeping          |     5 |     5 |     8 |       ||    18
  Eat: Chunk             |     1 |     5 |     7 |       ||    13
       Royal jelly       |       |     1 |       |       ||     1
       Meat ration       |       |       |     2 |       ||     2
Armor: Robe              |     5 |    13 |    61 |     7 ||    86
       Skin              |       |       |       |     5 ||     5
Dodge: Dodged            |    57 |    63 |   307 |    47 ||   474
Block: Large shield      |       |       |    13 |       ||    13
       Rpst.: Falchion   |    15 |    18 |    17 |       ||    50
